 Dungeon Crawl Stone Soup version 0.31-a0-968-g24f9ace8b5 (webtiles) character file.

Game seed: 17641695413490341219

4666 drugrobin the Grappler (level 10, -6/111 HPs)
             Began as a Demigod Delver on Oct 28, 2023.
             Killed by divine providence
             ... invoked by Jeremiah
              (16 damage)
             ... on level 8 of the Dungeon.
             The game lasted 00:24:30 (7901 turns).

drugrobin the Grappler (Demigod Delver)             Turns: 7901, Time: 00:24:30

Health: -6/111     AC:  7    Str: 21    XL:     10   Next: 1%
Magic:  12/13      EV: 12    Int: 12    God:
Gold:   479        SH:  0    Dex: 19    Spells: 6/9 levels left

rFire   . .          .
                       - Unarmed
rCold   . . .        (no shield)
rNeg    . . .        N - +0 steam dragon scales
rPois   +            B - +0 helmet
rElec   .            h - +0 cloak
rCorr   .            (no gloves)
SInv    .            (no boots)
Will    +....        (no amulet) Stlth
                     d - ring of poison resistance
HPRegen 0.38/turn    L - +4 ring of slaying
MPRegen 0.13/turn

%: no passive effects
@: confused, berserking, lethally poisoned (-6 -> -10), marked, very quick
A: high MP 1, forlorn, divine attributes
a: no special abilities


You were on level 8 of the Dungeon.
You visited 1 branch of the dungeon, and saw 9 of its levels.

You collected 479 gold pieces.

Inventory:

Hand Weapons
 b - a +2 short sword of venom
 g - the +5 demon whip "Spellbinder" {antimagic, disrupt, Will+}
   (You found it on level 3 of the Dungeon)

   Will+:     It increases your willpower.
 F - the +6 short sword "Killer Bee's Doom" {drain, rF+++ Will- Str-2 Dex+3}
   (You found it on level 5 of the Dungeon)

   Str-2:     It affects your strength (-2).
   Dex+3:     It affects your dexterity (+3).
   rF+++:     It renders you almost immune to fire.
   Will-:     It decreases your willpower.
Missiles
 m - a poisoned dart
 C - 3 javelins
 O - 3 boomerangs (quivered)
Armour
 h - a +0 cloak (worn)
 B - a +0 helmet (worn)
 N - +0 steam dragon scales (worn)
Magical Staves
 p - a staff of cold
Jewellery
 d - a ring of poison resistance (left hand)
 x - a ring of fire
 J - a ring of protection from fire
 L - a +4 ring of slaying (right hand)
Talismans
 e - a serpent talisman
Wands
 f - a wand of digging (3)
 y - a wand of roots (5)
 M - a wand of paralysis (9)
Scrolls
 a - a scroll of enchant weapon {unknown}
 c - 7 scrolls of identify {unknown}
 i - 3 scrolls of revelation
 l - 2 scrolls of enchant armour {unknown}
 n - 2 scrolls of amnesia {unknown}
 q - a scroll of poison {unknown}
 r - 2 scrolls of noise {unknown}
 t - 6 scrolls of teleportation
 w - 3 scrolls of vulnerability {unknown}
 D - 2 scrolls of fog
 H - a scroll of fear
 I - a scroll of acquirement {unknown}
 K - a scroll of brand weapon {unknown}
Potions
 j - a potion of attraction {unknown}
 k - a potion of ambrosia {unknown}
 o - a potion of berserk rage
 s - a potion of magic {unknown}
 u - a potion of brilliance {unknown}
 v - 2 potions of heal wounds {unknown}
 z - a potion of enlightenment {unknown}
 A - 2 potions of curing {unknown}
 E - 2 potions of might {unknown}
 G - a potion of haste


   Skills:
 - Level 2.6 Fighting
 - Level 1.7 Dodging
 - Level 4.5 Stealth
 * Level 10.7 Unarmed Combat
 + Level 3.4 Evocations
 * Level 7.3 Shapeshifting


You had 6 spell levels left.
You knew the following spells:

 Your Spells              Type           Power      Damage    Failure   Level
a - Summon Small Mammal   Summ           0%         N/A       32%         1
b - Blink                 Tloc           0%         N/A       45%         2

Your spell library contained the following spells:

 Spells                   Type           Power      Damage    Failure   Level
 Apportation              Tloc           0%         N/A       32%         1
 Freeze                   Ice            0%         1d3       32%         1
 Necrotise                Necr           0%         1d4       32%         1
 Ensorcelled Hibernation  Hex/Ice        0%         N/A       45%         2
 Lesser Beckoning         Tloc           0%         N/A       45%         2
 Momentum Strike          Conj/Tloc      0%         3d8       45%         2
 Passwall                 Tmut/Erth      0%         N/A       45%         2
 Frozen Ramparts          Ice            0%         1d1       69%         3
 Hailstorm                Conj/Ice       0%         3d3       69%         3
 Ignite Poison            Fire/Tmut/Pois 0%         N/A       69%         3
 Swiftness                Air            0%         N/A       69%         3
 Sticky Flame             Conj/Fire      0%         2d3       97%         4
 Ignition                 Fire           0%         3d3       100%        8


Dungeon Overview and Level Annotations

Branches:
Dungeon (9/15)             Temple (0/1) D:5
   Lair: D:8-11         Orc: D:9-12

Annotations:
D:2 1 runed translucent door, Crazy Yiuf
D:5 Menkaure
D:8 Jeremiah
D:9 Erica


Innate Abilities, Weirdness & Mutations

You have an increased reservoir of magic. (+10% MP)
You shall have no god before yourself.
Your divine heritage dramatically boosts your attributes as you level up.


Message History

Unknown command.
Unknown command.
Unknown command.
Unknown command.
Unknown command.
Unknown command.
Unknown command.
Unknown command.
Unknown command.
You feel sick. The killer bee closely misses you. The killer bee stings you.
The killer bee stings you but does no damage.
Jeremiah barely misses you. The killer bee stings you.
* * * LOW HITPOINT WARNING * * *
You are more poisoned.
The killer bee poisons you! The killer bee stings you.
* * * LOW HITPOINT WARNING * * *
The killer bee completely misses you.
You climb upwards.
The butterfly disappears in a burst of colours! x2
Reactivating autopickup.
You feel very sick.
There is a stone staircase leading down here.
Unknown command.
Unknown command.
Unknown command.
Unknown command.
Okay, then.
Unknown command.
You are too confused!
It was a potion of berserk rage.
A red film seems to cover your vision as you go berserk!
You feel yourself moving faster!
You feel mighty!
You feel sick. The killer bee stings you.
* * * LOW HITPOINT WARNING * * *
The killer bee stings you but does no damage.
The killer bee stings you.
* * * LOW HITPOINT WARNING * * *
Jeremiah lets out a twisted cry.
Something smites you!
You die...
Jeremiah wails, "I didn't mean to kill anyone!
I'm not a murderer!"

. .
#..######
.#
#.....by###
..#
#.....bF@y#
..##
.....####y#
...# ###
#.# ....
#.. ##..
#.. #.# .#
### # ##<##


You could see Jeremiah and 3 killer bees.

Vanquished Creatures
  A deep elf zephyrmancer (D:7)
  A troll (D:9)
  5 yaks (D:9)
  2 steam dragons (D:8)
  4 water moccasins
  A black bear (D:7)
  An ice beast (D:6)
  2 ogres
  A centaur (D:9)
  3 phantoms
  Blork the orc (D:5)
  7 bullfrogs
  2 scorpions
  7 killer bees (D:8)
  2 howler monkeys (D:8)
  5 hounds
  4 orc priests
  A gnoll bouda (D:5)
  5 jellies
  5 iguanas
  5 orc wizards
  A hell rat (D:8)
  6 gnolls
  3 river rats
  6 adders
  A shadow imp (D:5)
  2 white imps
  A worm (D:4)
  2 dart slugs
  21 orcs
  5 endoplasms
  6 giant cockroaches
  4 goblins
  4 hobgoblins
  2 quokkas
  5 ball pythons
  7 bats
  4 frilled lizards
  5 kobolds
  7 rats
  A spectral kobold (D:1)
158 creatures vanquished.

Vanquished Creatures (others)
  An orc wizard (D:5)
1 creature vanquished.

Grand Total: 159 creatures vanquished

Notes
Turn   | Place    | Note
-------+----------+-------------------------------------------
     0 | D:5      | drugrobin the Demigod Delver began the quest for the Orb.
     0 | D:5      | Reached XP level 1. HP: 18/18 MP: 3/3
     5 | D:5      | Noticed an orc priest
    19 | D:5      | Reached skill level 2 in Unarmed Combat
    27 | D:6      | Noticed an iguana
    37 | D:6      | Noticed an iguana
    40 | D:5      | Noticed Blork the orc
    40 | D:5      | Noticed a scorpion
    45 | D:5      | Noticed an orc priest
   211 | D:3      | Found the +5 demon whip "Spellbinder" {antimagic, disrupt,
                  | Will+}
   375 | D:2      | Found a runed translucent door.
   376 | D:2      | Noticed Crazy Yiuf
   448 | D:2      | Reached XP level 2. HP: 20/25 MP: 4/4
   506 | D:2      | Reached skill level 3 in Unarmed Combat
   727 | D:1      | Reached XP level 3. HP: 30/30 MP: 5/5
   892 | D:1      | Learned a level 2 spell: Blink
  1860 | D:4      | Noticed a scorpion
  1870 | D:4      | Killed a scorpion
  1871 | D:4      | Reached skill level 4 in Unarmed Combat
  1871 | D:4      | Reached skill level 1 in Shapeshifting
  1871 | D:4      | Reached XP level 4. HP: 27/37 MP: 1/6
  2388 | D:4      | Reached XP level 5. HP: 38/42 MP: 2/7
  2408 | D:4      | Noticed a sky beast
  2672 | D:5      | Reached skill level 5 in Unarmed Combat
  2862 | D:5      | Identified the +6 short sword "Killer Bee's Doom" {drain,
                  | rF+++ Will- Str-2 Dex+3}
  2906 | D:5      | Reached XP level 6. HP: 45/50 MP: 2/8
  3295 | D:5      | Reached skill level 6 in Unarmed Combat
  3334 | D:5      | Killed Blork the orc
  3369 | D:5      | Noticed Menkaure
  3538 | D:4      | Reached XP level 7. HP: 37/56 MP: 2/9
  4136 | D:6      | Reached skill level 7 in Unarmed Combat
  4768 | D:5      | Reached XP level 8. HP: 56/62 MP: 4/10
  4934 | D:6      | Reached skill level 8 in Unarmed Combat
  5025 | D:6      | Learned a level 1 spell: Summon Small Mammal
  5192 | D:7      | Reached skill level 5 in Shapeshifting
  5233 | D:7      | Reached skill level 9 in Unarmed Combat
  5948 | D:7      | Noticed a deep elf zephyrmancer
  5953 | D:7      | Killed a deep elf zephyrmancer
  5954 | D:7      | Reached skill level 1 in Evocations
  5954 | D:7      | Reached XP level 9. HP: 68/68 MP: 11/11
  6366 | D:8      | Reached skill level 10 in Unarmed Combat
  6845 | D:8      | Noticed a death yak
  7033 | D:8      | Noticed a death yak
  7034 | D:8      | Noticed a death yak
  7890 | D:8      | Reached XP level 10. HP: 67/74 MP: 10/13
  7897 | D:9      | Noticed Erica
  7898 | D:9      | Noticed Jeremiah
  7901 | D:8      | Killed from afar by Jeremiah

Illustrated notes

Levels and vault maps discovered:
D:1:      minmay_arrival_stair_chambers, layout_rooms,
          dreamdust_ecumenical_altar_drowned_temple, st_stairs_8
D:2:      layout_rooms, uniq_crazy_yiuf_cottage
D:3:      layout_loops_ring, nicolae_uskayaw_dance_hall
D:4:      layout_loops_cross, lightli_corner_chamber
D:5:      layout_cave_pools, minmay_temple_entry_nine_rooms,
          amcnicky_mini_corridor_feature, ebering_dispersal_statue_hall,
          cheibrodos_gnoll_hut, uniq_menkaure, uniq_blork_the_orc
D:6:      layout_rooms, nicolae_qazlal_scattered_showers
D:7:      layout_cave_pools, grunt_ministairs_13, guppyfry_early_elven_hall
D:8:      layout_layer_cave, dpeg_lair_monsters, sigmund_army
D:9:      layout_irregular_city, tgw_kikubaaqudgha, grunt_tough_drop,
          uniq_jeremiah, uniq_erica

Skill      XL: |  1  2  3  4  5  6  7  8  9 |
---------------+----------------------------+-----
Unarmed Combat | 2 3 4 5 6 7 9 10 | 10.7
Shapeshifting  | 1 2 3 4 5 7 |  7.3
Evocations     | 1 3 |  3.4
Fighting       | |  2.6
Dodging        | |  1.7
Stealth        | |  4.5

Action                     |  1- 3 |  4- 6 |  7- 9 | 10-12 || total
---------------------------+-------+-------+-------+-------++-------
  Melee: Unarmed           |   135 |    92 |   299 |     4 ||   530
         Demon whip        |    20 |    50 |    19 |       ||    89
         Punch             |     3 |     6 |    23 |       ||    32
         Short sword       |       |       |    17 |       ||    17
  Throw: Dart              |     2 |    11 |    24 |       ||    37
         Javelin           |       |       |     6 |       ||     6
   Cast: Summon Small Mamm |       |       |    22 |       ||    22
         Blink             |       |       |     1 |       ||     1
  Evoke: Wand              |       |     2 |     3 |       ||     5
    Use: Scroll            |     2 |       |     1 |       ||     3
         Potion            |     1 |       |       |     1 ||     2
   Stab: Sleeping          |     5 |       |     2 |       ||     7
         Paralysed         |       |       |     3 |       ||     3
         Distracted        |       |       |     3 |       ||     3
 Armour: Leather armour    |    30 |       |       |       ||    30
         Scale mail        |     2 |       |       |       ||     2
         Chain mail        |    76 |   121 |   161 |       ||   358
         Steam dragon scal |       |       |    91 |    22 ||   113
  Dodge: Dodged            |    68 |    59 |   147 |    19 ||   293

Table legend: (Time is in decaauts)
 A = Elapsed time spent in this place.
 B = Non-inter-level travel time spent in this place.
 C = Inter-level travel time spent in this place.
 D = Time resting spent in this place.
 E = Time spent auto-exploring this place.
 F = Levels seen in this place.
 G = Mean time per level.
                   A        B        C        D        E       F      G
               +--------+--------+--------+--------+--------+-----+--------+
         Total |   7835 |   7367 |    468 |   1241 |   4061 |   9 |  870.6 |
       Dungeon |   7835 |   7367 |    468 |   1241 |   4061 |   9 |  870.6 |
               +--------+--------+--------+--------+--------+-----+--------+

Top non-repeatable levels by time:
     D:4: 1273 daAuts
     D:5: 1215 daAuts
     D:6: 1047 daAuts
     D:8: 967 daAuts
     D:7: 901 daAuts
     D:9: 718 daAuts
     D:3: 690 daAuts
     D:2: 527 daAuts
     D:1: 494 daAuts
